 Dungeon Crawl Stone Soup version 0.29-a0-8-g0446c0dae4 (webtiles) character file.

Game seed: 1787140925925816753

52873 sanka the Thaumaturge (level 14, -1/113 HPs)
             Began as a Gnoll Conjurer on Jan 27, 2022.
             Was an Elder of Ashenzari.
             Killed from afar by a gargoyle (19 damage)
             ... with a stone arrow
             ... in a Gauntlet.
             The game lasted 00:56:56 (25805 turns).

sanka the Thaumaturge (Gnoll Conjurer)             Turns: 25805, Time: 00:56:57

Health: -1/113     AC: 17    Str:  7    XL:     14   Next: 66%
Magic:  30/30      EV: 18    Int: 27    God:    Ashenzari [****..]
Gold:   1217       SH:  0    Dex: 14    Spells: 17/38 levels left

rFire   + . .      SeeInvis +   a - +11 bardiche of the Prophetic Comet {vorpal, *Noise Int+6 Dex+2, Self, Melee} (curse)
rCold   . . .      Faith    .   (shield currently unavailable)
rNeg    . . .      Spirit   .   h - +0 steam dragon scales of Ashenzari's Submission {Cun, Evo} (curse)
rPois   .          Reflect  .   H - +0 helmet "Ruined With Me" {Fort, Bglg} (curse)
rElec   .          Harm     .   F - +1 cloak "Perceptive Altruism" {Alch, Comp} (curse)
rCorr   .          Rampage  .   j - +0 pair of gloves of the Ensconced Omission {Comp, Range} (curse)
Will    +....      Clarity  +   (no boots)
Stlth   +++++..... NoTele   +   p - amulet "Distant Portent" {RegenMP, Melee, Fort} (curse)
HPRegen 0.28/turn               L - ring of protection from fire
MPRegen 0.62/turn               c - +4 ring of protection

@: mighty
A: fangs 1, strong nose, distributed training, screaming 1
a: Renounce Religion, Curse Item, Shatter the Chains


You were in a Gauntlet.
You worshipped Ashenzari.
Ashenzari was greatly pleased with you.
You visited 3 branches of the dungeon, and saw 19 of its levels.
You also visited: Gauntlet and Volcano.

You collected 1707 gold pieces.
You spent 490 gold pieces at shops.


Innate Abilities, Weirdness & Mutations

You have very sharp teeth.
Your uncanny sense of smell can sniff out nearby items.
Your experience applies equally to all skills.
You occasionally shout uncontrollably at your foes.


   Skills:
 + Level 9.4(11.4) Fighting
 + Level 9.4(12.4) Short Blades
 + Level 9.4(12.4) Long Blades
 + Level 9.4(12.4) Axes
 + Level 9.4(12.4) Maces & Flails
 + Level 9.4(12.4) Polearms
 + Level 9.4(12.4) Staves
 + Level 9.4(11.4) Slings
 + Level 9.4(11.4) Bows
 + Level 9.4(11.4) Crossbows
 + Level 9.4(11.4) Throwing
 + Level 9.4(12.4) Armour
 + Level 10.5(12.4) Dodging
 + Level 10.3(12.3) Stealth
 + Level 9.4(12.4) Shields
 + Level 9.4(12.4) Unarmed Combat
 + Level 10.7(12.6) Spellcasting
 + Level 10.6(12.5) Conjurations
 + Level 7.8(9.9) Hexes
 + Level 7.8(10.9) Summonings
 + Level 7.8(10.9) Necromancy
 + Level 7.8(9.9) Translocations
 + Level 7.8(9.9) Transmutations
 + Level 7.8 Fire Magic
 + Level 7.8 Ice Magic
 + Level 7.8 Air Magic
 + Level 7.8 Earth Magic
 + Level 7.8(9.9) Poison Magic
 + Level 10.3 Invocations
 + Level 9.4(11.4) Evocations


You had 17 spell levels left.
You knew the following spells:

 Your Spells              Type           Power      Damage    Failure   Level
b - Blink                 Tloc           100%       N/A       1%          2
c - Lightning Bolt        Conj/Air       32%        1d49      1%          5
u - Flame Wave            Conj/Fire      64%        2d12      1%          4
x - Searing Ray           Conj           100%       2d8       1%          2
y - Frozen Ramparts       Ice            100%       1d12      1%          3
z - Magic Dart            Conj           100%       1d8       1%          1
Z - Fulminant Prism       Conj/Hex       33%        3d16      1%          4

Your spell library contained the following spells:

 Spells                   Type           Power      Damage    Failure   Level
 Foxfire                  Conj/Fire      100%       2x1d9     1%          1
 Static Discharge         Conj/Air       64%        N/A       1%          2
 Conjure Flame            Conj/Fire      64%        6-21      1%          3
 Dazzling Flash           Conj/Hex       100%       N/A       1%          3
 Inner Flame              Hex/Fire       60%        N/A       1%          3
 Lesser Beckoning         Tloc           63%        N/A       1%          3
 Cause Fear               Hex            31%        N/A       1%          4
 Ice Form                 Ice/Tmut       60%        N/A       1%          4
 Iskenderun's Mystic Bla  Conj/Tloc      67%        2d14      1%          4
 Summon Ice Beast         Ice/Summ       61%        N/A       1%          4
 Summon Lightning Spire   Summ/Air       61%        N/A       1%          4
 Manifold Assault         Tloc           63%        N/A       1%          5
 Storm Form               Tmut/Air       30%        N/A       58%         7
 Ozocubu's Refrigeration  Ice            28%        4d10      73%         7
 Discord                  Hex            31%        N/A       98%         8
 Maxwell's Capacitive Co  Air            28%        ∞         100%        8
 Polar Vortex             Ice            28%        N/A       100%        9

Inventory:

Hand Weapons
 a - the cursed +11 bardiche of the Prophetic Comet (weapon) {vorpal, *Noise Int+6 Dex+2, Self, Melee}

   It inflicts extra damage upon your enemies.
   Int:       It affects your intelligence (+6).
   Dex:       It affects your dexterity (+2).
   *Noise:    It may make noises in combat.
   It has a curse which improves the following skills: Introspection: Fighting
   and Spellcasting.
   Melee Combat: Short Blades, Long Blades, Axes, Maces & Flails, Polearms,
   Staves and Unarmed Combat.
Missiles
 E - 7 curare-tipped darts {=f}
Armour
 h - the cursed +0 steam dragon scales of Ashenzari's Submission (worn) {Cun, Evo}

   It has a curse which improves the following skills: Cunning: Dodging and
   Stealth.
   Evocations: Evocations.
 j - the cursed +0 pair of gloves of the Ensconced Omission (worn) {Comp, Range}

   It has a curse which improves the following skills: Companions: Summonings
   and Necromancy.
   Ranged Combat: Slings, Bows, Crossbows and Throwing.
 F - the cursed +1 cloak "Perceptive Altruism" (worn) {Alch, Comp}

   It has a curse which improves the following skills: Alchemy: Poison Magic and
   Transmutations.
   Companions: Summonings and Necromancy.
 H - the cursed +0 helmet "Ruined With Me" (worn) {Fort, Bglg}

   It has a curse which improves the following skills: Fortitude: Armour and
   Shields.
   Beguiling: Conjurations, Hexes and Translocations.
Jewellery
 c - a +4 ring of protection (right hand)
 p - the cursed amulet "Distant Portent" (around neck) {RegenMP, Melee, Fort}

   [amulet of magic regeneration]

   It increases your rate of magic regeneration.
   It has a curse which improves the following skills: Melee Combat: Short
   Blades, Long Blades, Axes, Maces & Flails, Polearms, Staves and Unarmed
   Combat.
   Fortitude: Armour and Shields.
 A - a +4 ring of evasion
 L - a ring of protection from fire (left hand)
Wands
 n - a wand of mindburst (18)
 t - a wand of polymorph (8)
 y - a wand of digging (5)
 K - a wand of flame (2)
 O - a wand of acid (3)
 P - a wand of iceblast (7)
Scrolls
 d - 2 scrolls of immolation {!r}
 f - a scroll of silence {!r}
 g - 4 scrolls of blinking
 u - 3 scrolls of fear
 v - 12 scrolls of teleportation {@r4}
 I - 3 scrolls of magic mapping
 Q - a scroll of fog
 R - a scroll of summoning
Potions
 k - 5 potions of curing {@q1}
 l - 7 potions of mutation {!q}
 m - a potion of heal wounds {@q2}
 o - 4 potions of lignification {!q}
 r - 5 potions of attraction {!q}
 s - a potion of magic
 w - 4 potions of might
 x - 2 potions of flight
 z - 4 potions of haste {@q3}
 C - a potion of brilliance
 J - a potion of invisibility
 M - 3 potions of resistance
 N - 3 potions of cancellation
 S - a potion of ambrosia

Dungeon Overview and Level Annotations

Branches:
Dungeon (11/15)            Temple (0/1) D:7            Lair (6/6) D:9
  Swamp (0/4) Lair:4       Spider (0/4) Lair:4        Slime (0/5) Lair:6
    Orc (2/2) D:9         Volcano (visited)         Gauntlet (1/1)
    Elf: Orc:2

Altars:
Ashenzari
Kikubaaqudgha
Nemelex Xobeh
Qazlal
Ru
Vehumet
Xom
Yredelemnul
The Shining One

Shops:
D:1 [   D:10 !   D:11 :

Annotations:
Gauntlet 9 transporters

▒...##....▒.©.▒.....▒
▒▒▒▒...▒▒▒▒▒▒▒▒▒▒▒..▒▒▒
▒▒.▒...▒.........▒..▒8▒
▒▒.▒...▒..▒▒.▒▒..▒..▒▒▒
..▒▒...▒.▒▒...▒▒.▒..▒
.▒▒▒...▒.▒.....▒.▒..▒▒▒
.▒▒▒...▒....©....▒..▒8▒
...▒...▒.▒...).▒8▒..▒▒▒
▒.▒▒...▒.▒▒...▒▒g▒..▒
▒.▒▒...▒..▒▒.▒▒..▒..▒▒▒
/..▒...▒..)=©?...▒..▒8▒
▒▒▒▒...▒▒▒▒▒▒▒▒▒▒▒..▒▒▒
▒...##....▒.©.▒.....▒
▒...#8≈...▒...▒.8...▒▒▒
▒....≈....▒.©.▒.....▒8▒
▒▒▒▒...▒▒▒▒▒▒▒▒▒▒▒..▒▒▒
▒88▒...▒t.......t▒..▒


You could see a gargoyle.


Message History

The catoblepas is almost dead.
The catoblepas breathes a plume of calcifying dust at you.
The blast of calcifying dust hits you but does no damage.
The catoblepas breathes a plume of calcifying dust at you.
The blast of calcifying dust hits you but does no damage.
Unknown command.
You barely miss the catoblepas.
The catoblepas is almost dead.
The catoblepas misses you.
You slice the catoblepas!!
You kill the catoblepas!
The molten gargoyle blasts magma at you!
The bolt of magma misses you.
You reach to attack!
You hit the molten gargoyle.
The molten gargoyle is almost destroyed.
The molten gargoyle blasts magma at you!
The bolt of magma misses you.
You slash the molten gargoyle!
You destroy the molten gargoyle!
You hit the gargoyle but do no damage.
Your cursed bardiche of the Prophetic Comet complains about the scenery.
The gargoyle closely misses you.
You slash the gargoyle!
The gargoyle is severely damaged.
The gargoyle hits you with a +0 morningstar!
* * * LOW HITPOINT WARNING * * *
The gargoyle hurls a stone arrow at you.
The stone arrow hits you!!
You die...

Action                   |  1- 3 |  4- 6 |  7- 9 | 10-12 | 13-15 || total
-------------------------+-------+-------+-------+-------+-------++-------
Melee: Short sword       |     1 |       |       |       |       ||     1
       War axe           |       |    13 |       |       |       ||    13
       Bite              |       |     1 |     2 |    24 |    48 ||    75
       Spear             |       |       |    59 |       |       ||    59
       Punch             |       |       |     2 |       |       ||     2
       Bardiche          |       |       |    10 |   276 |   362 ||   648
 Cast: Magic Dart        |    62 |    93 |   145 |   197 |   194 ||   691
       Searing Ray       |       |     8 |    34 |    20 |    11 ||    73
       Frozen Ramparts   |       |       |     4 |    36 |    51 ||    91
       Lightning Bolt    |       |       |       |       |     5 ||     5
       Flame Wave        |       |       |       |       |     2 ||     2
Invok: Curse Item        |       |       |     2 |     3 |     1 ||     6
Evoke: Wand              |       |     4 |     2 |       |     1 ||     7
  Use: Scroll            |       |       |     1 |       |       ||     1
       Potion            |       |       |       |     2 |     5 ||     7
 Stab: Sleeping          |       |       |       |     4 |     6 ||    10
       Distracted        |       |       |       |     2 |     1 ||     3
Armor: Robe              |     4 |    11 |     9 |       |       ||    24
       Steam dragon scal |       |       |    23 |   111 |   219 ||   353
Dodge: Dodged            |     4 |    23 |    88 |   397 |   697 ||  1209

Levels and vault maps discovered:
D:1:      dpeg_arrival_court, layout_basic, serial_shops, shop,
          chequers_ecumenical_altar_simple_redux
D:2:      layout_loops_ring, minmay_octomino_e4
D:3:      layout_loops_ring
D:4:      layout_cave_pools
D:5:      layout_cave_pods, uniq_ijyb
D:6:      layout_basic, gammafunk_temple_overflow_claw,
          amcnicky_mini_rare_corridor_liquid, uniq_crazy_yiuf_cottage,
          uniq_sigmund
D:7:      nicolae_cairo_tiling_very_big, layout_loops_ring,
          kennysheep_little_box, mainiacjoe_overflow_boulevard,
          minmay_temple_entry_statues_fountains
D:8:      layout_basic, nicolae_qazlal_style_of_elements
D:9:      layout_irregular_city, mainiacjoe_overflow_alcove_2,
          nicolae_ru_sacrificial_ziggurat, erik_lair_island,
          kennysheep_orc_monster_closet_entryway, minmay_crystal_room,
          uniq_erica
D:10:     layout_stronghold, serial_shops, nicolae_shop_crystal
D:11:     layout_rooms, serial_shops, nicolae_shop_waterfront
Lair:1:   layout_cave_pods
Lair:2:   layout_regular_city, st_stairs_8, roderic_carrion_pond,
          infiniplex_staircase_pool
Lair:3:   layout_loops_ring, grunt_megastairs_4, lemuel_fruit_fields
Lair:4:   wander_river, layout_small_grid, nicolae_swamp_entry_splash_gauntlet,
          spider_nest_entry_a, lemuel_fruit_fields
Lair:5:   layout_loops_ring, lemuel_centaur_altar, serial_bayou_shore_b,
          uniq_sonja
Lair:6:   minmay_lair_end_enchanted_forest, layout_gridlike,
          nicolae_slime_entry_slimehenge, nicolae_volcano_entry_lava_flow
Orc:1:    layout_caves
Orc:2:    st_orc_rangers, layout_diamond_mine, serial_shops,
          nicolae_shop_crystal, gauntlet_entry_generic, uniq_josephine
Gauntlet: gammafunk_gauntlet_hard_choice [nicolae_gauntlet_arena_x,
          gammafunk_gauntlet_arena_corners,
          gammafunk_gauntlet_arena_split_diamond,
          gammafunk_gauntlet_arena_crates, nicolae_gauntlet_arena_t_cross,
          nicolae_gauntlet_swirl, gauntlet_exit_green]

Notes
Turn   | Place    | Note
-------+----------+-------------------------------------------
     0 | D:1      | sanka the Gnoll Conjurer began the quest for the Orb.
     0 | D:1      | Reached XP level 1. HP: 13/13 MP: 6/6
   195 | D:1      | Reached XP level 2. HP: 19/19 MP: 5/7
   407 | D:1      | Reached XP level 3. HP: 21/25 MP: 3/9
   461 | D:1      | Learned a level 2 spell: Searing Ray
   470 | D:1      | Found a faded altar of an unknown god.
   533 | D:1      | Reached skill level 5 in Spellcasting
   720 | D:1      | Found Ciuqeom's Armour Emporium.
  1246 | D:2      | Reached skill level 1 in Invocations
  1814 | D:3      | Reached skill level 1 in Fighting
  1814 | D:3      | Reached skill level 1 in Short Blades
  1814 | D:3      | Reached skill level 1 in Long Blades
  1814 | D:3      | Reached skill level 1 in Axes
  1814 | D:3      | Reached skill level 1 in Maces & Flails
  1814 | D:3      | Reached skill level 1 in Polearms
  1814 | D:3      | Reached skill level 1 in Staves
  1814 | D:3      | Reached skill level 1 in Slings
  1814 | D:3      | Reached skill level 1 in Bows
  1814 | D:3      | Reached skill level 1 in Crossbows
  1814 | D:3      | Reached skill level 1 in Throwing
  1814 | D:3      | Reached skill level 1 in Armour
  1814 | D:3      | Reached skill level 1 in Shields
  1814 | D:3      | Reached skill level 1 in Unarmed Combat
  1814 | D:3      | Reached skill level 1 in Evocations
  1941 | D:3      | Reached XP level 4. HP: 32/32 MP: 1/11
  2608 | D:3      | Reached skill level 1 in Hexes
  2608 | D:3      | Reached skill level 1 in Summonings
  2608 | D:3      | Reached skill level 1 in Necromancy
  2608 | D:3      | Reached skill level 1 in Translocations
  2608 | D:3      | Reached skill level 1 in Transmutations
  2608 | D:3      | Reached skill level 1 in Fire Magic
  2608 | D:3      | Reached skill level 1 in Ice Magic
  2608 | D:3      | Reached skill level 1 in Air Magic
  2608 | D:3      | Reached skill level 1 in Earth Magic
  2608 | D:3      | Reached skill level 1 in Poison Magic
  3304 | D:4      | Reached XP level 5. HP: 37/37 MP: 8/12
  3573 | D:5      | Entered Level 5 of the Dungeon
  3817 | D:5      | Reached skill level 2 in Invocations
  3817 | D:5      | Reached XP level 6. HP: 44/44 MP: 6/13
  3882 | D:5      | Noticed Ijyb
  3899 | D:5      | Noticed Ijyb
  3899 | D:5      | Ijyb changed into Ijyb the killer bee
  3901 | D:5      | Killed Ijyb the killer bee
  4092 | D:5      | Noticed a necrophage
  4108 | D:5      | Killed a necrophage
  4109 | D:5      | Reached skill level 2 in Fighting
  4109 | D:5      | Reached skill level 2 in Short Blades
  4109 | D:5      | Reached skill level 2 in Long Blades
  4109 | D:5      | Reached skill level 2 in Axes
  4109 | D:5      | Reached skill level 2 in Maces & Flails
  4109 | D:5      | Reached skill level 2 in Polearms
  4109 | D:5      | Reached skill level 2 in Staves
  4109 | D:5      | Reached skill level 2 in Slings
  4109 | D:5      | Reached skill level 2 in Bows
  4109 | D:5      | Reached skill level 2 in Crossbows
  4109 | D:5      | Reached skill level 2 in Throwing
  4109 | D:5      | Reached skill level 2 in Armour
  4109 | D:5      | Reached skill level 5 in Dodging
  4109 | D:5      | Reached skill level 2 in Shields
  4109 | D:5      | Reached skill level 2 in Unarmed Combat
  4109 | D:5      | Reached skill level 2 in Evocations
  4272 | D:5      | Reached XP level 7. HP: 50/50 MP: 6/15
  4795 | D:5      | Reached skill level 2 in Hexes
  4795 | D:5      | Reached skill level 2 in Summonings
  4795 | D:5      | Reached skill level 2 in Necromancy
  4795 | D:5      | Reached skill level 2 in Translocations
  4795 | D:5      | Reached skill level 2 in Transmutations
  4795 | D:5      | Reached skill level 2 in Fire Magic
  4795 | D:5      | Reached skill level 2 in Ice Magic
  4795 | D:5      | Reached skill level 2 in Air Magic
  4795 | D:5      | Reached skill level 2 in Earth Magic
  4795 | D:5      | Reached skill level 2 in Poison Magic
  4990 | D:5      | Reached skill level 5 in Stealth
  5045 | D:5      | Got the Catalogue of Glacial Transmigration
  5067 | D:5      | Reached skill level 3 in Invocations
  5246 | D:6      | Noticed Sigmund
  5255 | D:6      | Killed Sigmund
  5256 | D:6      | Reached skill level 3 in Fighting
  5256 | D:6      | Reached skill level 3 in Short Blades
  5256 | D:6      | Reached skill level 3 in Long Blades
  5256 | D:6      | Reached skill level 3 in Axes
  5256 | D:6      | Reached skill level 3 in Maces & Flails
  5256 | D:6      | Reached skill level 3 in Polearms
  5256 | D:6      | Reached skill level 3 in Staves
  5256 | D:6      | Reached skill level 3 in Slings
  5256 | D:6      | Reached skill level 3 in Bows
  5256 | D:6      | Reached skill level 3 in Crossbows
  5256 | D:6      | Reached skill level 3 in Throwing
  5256 | D:6      | Reached skill level 3 in Armour
  5256 | D:6      | Reached skill level 3 in Shields
  5256 | D:6      | Reached skill level 3 in Unarmed Combat
  5256 | D:6      | Reached skill level 3 in Evocations
  5256 | D:6      | Reached XP level 8. HP: 58/58 MP: 4/16
  5501 | D:6      | Reached skill level 6 in Spellcasting
  5621 | D:6      | Found an ancient bone altar of Kikubaaqudgha.
  5621 | D:6      | Found a radiant altar of Vehumet.
  5621 | D:6      | Found a broken altar of Ashenzari.
  5637 | D:6      | Became a worshipper of Ashenzari the Shackled
  5809 | D:6      | Identified +0 steam dragon scales
  6075 | D:6      | Identified +0 steam dragon scales
  6076 | D:6      | Reached skill level 3 in Hexes
  6076 | D:6      | Reached skill level 3 in Summonings
  6076 | D:6      | Reached skill level 3 in Necromancy
  6076 | D:6      | Reached skill level 3 in Translocations
  6076 | D:6      | Reached skill level 3 in Transmutations
  6076 | D:6      | Reached skill level 3 in Fire Magic
  6076 | D:6      | Reached skill level 3 in Ice Magic
  6076 | D:6      | Reached skill level 3 in Air Magic
  6076 | D:6      | Reached skill level 3 in Earth Magic
  6076 | D:6      | Reached skill level 3 in Poison Magic
  6076 | D:6      | Reached skill level 4 in Invocations
  6719 | D:6      | Reached skill level 6 in Dodging
  6931 | D:6      | Learned a level 2 spell: Blink
  6935 | D:6      | Learned a level 3 spell: Frozen Ramparts
  6938 | D:6      | Found a runed translucent door.
  6939 | D:6      | Noticed Crazy Yiuf
  6945 | D:6      | Killed Crazy Yiuf
  6946 | D:6      | Reached XP level 9. HP: 65/65 MP: 11/18
  7154 | D:7      | Found a staircase to the Ecumenical Temple.
  7242 | D:7      | Reached skill level 4 in Fighting
  7242 | D:7      | Reached skill level 4 in Short Blades
  7242 | D:7      | Reached skill level 4 in Long Blades
  7242 | D:7      | Reached skill level 4 in Axes
  7242 | D:7      | Reached skill level 4 in Maces & Flails
  7242 | D:7      | Reached skill level 4 in Polearms
  7242 | D:7      | Reached skill level 4 in Staves
  7242 | D:7      | Reached skill level 4 in Slings
  7242 | D:7      | Reached skill level 4 in Bows
  7242 | D:7      | Reached skill level 4 in Crossbows
  7242 | D:7      | Reached skill level 4 in Throwing
  7242 | D:7      | Reached skill level 4 in Armour
  7242 | D:7      | Reached skill level 4 in Shields
  7242 | D:7      | Reached skill level 4 in Unarmed Combat
  7242 | D:7      | Reached skill level 4 in Evocations
  7597 | D:7      | Reached skill level 6 in Stealth
  7597 | D:7      | Reached skill level 8 in Conjurations
  7863 | D:7      | Found a glowing golden altar of the Shining One.
  7920 | D:7      | Noticed a hornet
  7932 | D:6      | Killed a hornet
  8456 | D:7      | Found a sparkling altar of Nemelex Xobeh.
  8457 | D:7      | Reached * piety under Ashenzari
  8457 | D:7      | Identified a scroll of acquirement
  8460 | D:7      | Acquired the +11 bardiche of Hatred {vorpal, *Noise Int+6
                  | Dex+2}
  8708 | D:8      | Reached skill level 5 in Invocations
  8791 | D:8      | Reached skill level 7 in Spellcasting
  8796 | D:8      | Reached skill level 4 in Hexes
  8796 | D:8      | Reached skill level 4 in Summonings
  8796 | D:8      | Reached skill level 4 in Necromancy
  8796 | D:8      | Reached skill level 4 in Translocations
  8796 | D:8      | Reached skill level 4 in Transmutations
  8796 | D:8      | Reached skill level 4 in Fire Magic
  8796 | D:8      | Reached skill level 4 in Ice Magic
  8796 | D:8      | Reached skill level 4 in Air Magic
  8796 | D:8      | Reached skill level 4 in Earth Magic
  8796 | D:8      | Reached skill level 4 in Poison Magic
  8796 | D:8      | Reached XP level 10. HP: 62/73 MP: 7/20
  8801 | D:8      | Reached skill level 5 in Fighting
  8801 | D:8      | Reached skill level 5 in Short Blades
  8801 | D:8      | Reached skill level 5 in Long Blades
  8801 | D:8      | Reached skill level 5 in Axes
  8801 | D:8      | Reached skill level 5 in Maces & Flails
  8801 | D:8      | Reached skill level 5 in Polearms
  8801 | D:8      | Reached skill level 5 in Staves
  8801 | D:8      | Reached skill level 5 in Slings
  8801 | D:8      | Reached skill level 5 in Bows
  8801 | D:8      | Reached skill level 5 in Crossbows
  8801 | D:8      | Reached skill level 5 in Throwing
  8801 | D:8      | Reached skill level 5 in Armour
  8801 | D:8      | Reached skill level 5 in Shields
  8801 | D:8      | Reached skill level 5 in Unarmed Combat
  8801 | D:8      | Reached skill level 5 in Evocations
  9009 | D:8      | Identified the +5 war axe "Qojaetal" {holy, rPois Str+2}
  9166 | D:8      | Reached ** piety under Ashenzari
  9267 | D:8      | Found a stormy altar of Qazlal.
  9817 | D:9      | Found a sacrificial altar of Ru.
  9891 | D:9      | Reached skill level 7 in Dodging
  9960 | D:9      | Noticed Erica
  9968 | D:9      | Killed Erica
 10062 | D:9      | Found a shimmering altar of Xom.
 10185 | D:9      | Noticed a two-headed ogre
 10193 | D:9      | Killed a two-headed ogre
 10194 | D:9      | Reached skill level 7 in Stealth
 10194 | D:9      | Reached skill level 6 in Invocations
 10274 | D:9      | Found a staircase to the Orcish Mines.
 10292 | D:9      | Reached XP level 11. HP: 38/81 MP: 1/22
 10574 | D:9      | Found a staircase to the Lair.
 10590 | D:9      | Reached skill level 6 in Fighting
 10590 | D:9      | Reached skill level 6 in Short Blades
 10590 | D:9      | Reached skill level 6 in Long Blades
 10590 | D:9      | Reached skill level 6 in Axes
 10590 | D:9      | Reached skill level 6 in Maces & Flails
 10590 | D:9      | Reached skill level 6 in Polearms
 10590 | D:9      | Reached skill level 6 in Staves
 10590 | D:9      | Reached skill level 6 in Slings
 10590 | D:9      | Reached skill level 6 in Bows
 10590 | D:9      | Reached skill level 6 in Crossbows
 10590 | D:9      | Reached skill level 6 in Throwing
 10590 | D:9      | Reached skill level 6 in Armour
 10590 | D:9      | Reached skill level 6 in Shields
 10590 | D:9      | Reached skill level 6 in Unarmed Combat
 10590 | D:9      | Reached skill level 6 in Evocations
 10640 | D:9      | Reached skill level 5 in Hexes
 10640 | D:9      | Reached skill level 5 in Summonings
 10640 | D:9      | Reached skill level 5 in Necromancy
 10640 | D:9      | Reached skill level 5 in Translocations
 10640 | D:9      | Reached skill level 5 in Transmutations
 10640 | D:9      | Reached skill level 5 in Fire Magic
 10640 | D:9      | Reached skill level 5 in Ice Magic
 10640 | D:9      | Reached skill level 5 in Air Magic
 10640 | D:9      | Reached skill level 5 in Earth Magic
 10640 | D:9      | Reached skill level 5 in Poison Magic
 10997 | D:9      | Reached *** piety under Ashenzari
 10997 | D:9      | Reached **** piety under Ashenzari
 11037 | D:9      | Reached skill level 8 in Spellcasting
 11436 | D:10     | Entered Level 10 of the Dungeon
 11552 | D:10     | Reached skill level 9 in Conjurations
 11552 | D:10     | Reached skill level 7 in Invocations
 11767 | D:10     | Reached skill level 8 in Dodging
 12398 | D:10     | Found Xotam's Distillery.
 12404 | D:10     | Bought a potion of resistance for 100 gold pieces
 12404 | D:10     | Bought 2 potions of resistance for 200 gold pieces
 12404 | D:10     | Bought a potion of heal wounds for 50 gold pieces
 12404 | D:10     | Bought a potion of cancellation for 80 gold pieces
 12404 | D:10     | Bought a potion of curing for 30 gold pieces
 12404 | D:10     | Bought a potion of curing for 30 gold pieces
 12677 | D:11     | Found Meju's Book Shoppe.
 12680 | D:11     | Noticed a two-headed ogre
 12686 | D:11     | Killed a two-headed ogre
 12687 | D:11     | Reached skill level 8 in Stealth
 12757 | D:11     | Noticed a brown ugly thing
 12763 | D:11     | Killed a brown ugly thing
 13038 | D:11     | Identified the +0 chain mail "Toasiquh" {rF+ Str+3}
 13324 | Lair:1   | Entered Level 1 of the Lair of Beasts
 13336 | Lair:1   | Reached XP level 12. HP: 94/94 MP: 22/26
 13344 | Lair:1   | Reached skill level 7 in Fighting
 13344 | Lair:1   | Reached skill level 7 in Short Blades
 13344 | Lair:1   | Reached skill level 7 in Long Blades
 13344 | Lair:1   | Reached skill level 7 in Axes
 13344 | Lair:1   | Reached skill level 7 in Maces & Flails
 13344 | Lair:1   | Reached skill level 7 in Polearms
 13344 | Lair:1   | Reached skill level 7 in Staves
 13344 | Lair:1   | Reached skill level 7 in Slings
 13344 | Lair:1   | Reached skill level 7 in Bows
 13344 | Lair:1   | Reached skill level 7 in Crossbows
 13344 | Lair:1   | Reached skill level 7 in Throwing
 13344 | Lair:1   | Reached skill level 7 in Armour
 13344 | Lair:1   | Reached skill level 7 in Shields
 13344 | Lair:1   | Reached skill level 7 in Unarmed Combat
 13344 | Lair:1   | Reached skill level 7 in Evocations
 14018 | Lair:1   | Reached skill level 6 in Hexes
 14018 | Lair:1   | Reached skill level 6 in Summonings
 14018 | Lair:1   | Reached skill level 6 in Necromancy
 14018 | Lair:1   | Reached skill level 6 in Translocations
 14018 | Lair:1   | Reached skill level 6 in Transmutations
 14018 | Lair:1   | Reached skill level 6 in Fire Magic
 14018 | Lair:1   | Reached skill level 6 in Ice Magic
 14018 | Lair:1   | Reached skill level 6 in Air Magic
 14018 | Lair:1   | Reached skill level 6 in Earth Magic
 14018 | Lair:1   | Reached skill level 6 in Poison Magic
 14694 | Lair:2   | Reached skill level 8 in Invocations
 14802 | Lair:2   | Reached skill level 9 in Spellcasting
 14924 | Lair:2   | Identified +0 steam dragon scales
 15308 | Lair:2   | Reached skill level 9 in Dodging
 15971 | Lair:3   | Reached skill level 9 in Stealth
 15971 | Lair:3   | Reached XP level 13. HP: 103/103 MP: 28/28
 16569 | Lair:4   | Reached skill level 8 in Fighting
 16569 | Lair:4   | Reached skill level 8 in Short Blades
 16569 | Lair:4   | Reached skill level 8 in Long Blades
 16569 | Lair:4   | Reached skill level 8 in Axes
 16569 | Lair:4   | Reached skill level 8 in Maces & Flails
 16569 | Lair:4   | Reached skill level 8 in Polearms
 16569 | Lair:4   | Reached skill level 8 in Staves
 16569 | Lair:4   | Reached skill level 8 in Slings
 16569 | Lair:4   | Reached skill level 8 in Bows
 16569 | Lair:4   | Reached skill level 8 in Crossbows
 16569 | Lair:4   | Reached skill level 8 in Throwing
 16569 | Lair:4   | Reached skill level 8 in Armour
 16569 | Lair:4   | Reached skill level 8 in Shields
 16569 | Lair:4   | Reached skill level 8 in Unarmed Combat
 16569 | Lair:4   | Reached skill level 8 in Evocations
 17060 | Lair:4   | Found a hole to the Spider Nest.
 17387 | Lair:4   | Reached skill level 9 in Invocations
 17737 | Lair:4   | Reached skill level 10 in Conjurations
 18118 | Lair:4   | Found a staircase to the Swamp.
 18393 | Lair:5   | Reached skill level 7 in Hexes
 18393 | Lair:5   | Reached skill level 7 in Summonings
 18393 | Lair:5   | Reached skill level 7 in Necromancy
 18393 | Lair:5   | Reached skill level 7 in Translocations
 18393 | Lair:5   | Reached skill level 7 in Transmutations
 18393 | Lair:5   | Reached skill level 7 in Fire Magic
 18393 | Lair:5   | Reached skill level 7 in Ice Magic
 18393 | Lair:5   | Reached skill level 7 in Air Magic
 18393 | Lair:5   | Reached skill level 7 in Earth Magic
 18393 | Lair:5   | Reached skill level 7 in Poison Magic
 18412 | Lair:5   | Reached skill level 10 in Spellcasting
 18420 | Lair:5   | HP: 9/104 [elephant (13)]
 18435 | Lair:5   | HP: 7/104 [elephant (7)]
 18726 | Lair:5   | Noticed Sonja
 19213 | Lair:5   | Killed Sonja
 19542 | Lair:5   | Found a basalt altar of Yredelemnul.
 20042 | Lair:6   | Entered Level 6 of the Lair of Beasts
 20070 | Lair:6   | Found a dark tunnel.
 20089 | Volcano  | Entered a volcano
 20183 | Volcano  | Reached skill level 10 in Dodging
 20242 | Volcano  | Reached XP level 14. HP: 45/111 MP: 30/30
 22245 | Lair:6   | Reached skill level 9 in Fighting
 22245 | Lair:6   | Reached skill level 9 in Short Blades
 22245 | Lair:6   | Reached skill level 9 in Long Blades
 22245 | Lair:6   | Reached skill level 9 in Axes
 22245 | Lair:6   | Reached skill level 9 in Maces & Flails
 22245 | Lair:6   | Reached skill level 9 in Polearms
 22245 | Lair:6   | Reached skill level 9 in Staves
 22245 | Lair:6   | Reached skill level 9 in Slings
 22245 | Lair:6   | Reached skill level 9 in Bows
 22245 | Lair:6   | Reached skill level 9 in Crossbows
 22245 | Lair:6   | Reached skill level 9 in Throwing
 22245 | Lair:6   | Reached skill level 9 in Armour
 22245 | Lair:6   | Reached skill level 9 in Shields
 22245 | Lair:6   | Reached skill level 9 in Unarmed Combat
 22245 | Lair:6   | Reached skill level 9 in Evocations
 22599 | Lair:6   | Reached skill level 10 in Stealth
 22700 | Lair:6   | Found a staircase to the Slime Pits.
 23301 | Lair:6   | Reached skill level 10 in Invocations
 24493 | Lair:2   | Learned a level 4 spell: Flame Wave
 24498 | Lair:2   | Learned a level 4 spell: Fulminant Prism
 24504 | Lair:2   | Learned a level 5 spell: Lightning Bolt
 24552 | Orc:1    | Entered Level 1 of the Orcish Mines
 25457 | Orc:2    | Entered Level 2 of the Orcish Mines
 25457 | Orc:2    | Found a gate leading to a gauntlet.
 25490 | Gauntlet | Entered a Gauntlet
 25490 | Gauntlet | Found a transporter.
 25490 | Gauntlet | Found a transporter.
 25490 | Gauntlet | Found a transporter.
 25525 | Gauntlet | Found a transporter.
 25529 | Gauntlet | Found a transporter.
 25539 | Gauntlet | Found a transporter.
 25543 | Gauntlet | Found a transporter.
 25553 | Gauntlet | Found a transporter.
 25597 | Gauntlet | Found a transporter.
 25640 | Gauntlet | Found a transporter.
 25644 | Gauntlet | Found a transporter.
 25656 | Gauntlet | Found a transporter.
 25737 | Gauntlet | Gained mutation: You tend to lose your temper in combat. [a
                  | neqoxec]
 25741 | Gauntlet | Lost mutation: You tend to lose your temper in combat.
                  | [potion of mutation]
 25741 | Gauntlet | Gained mutation: You possess an exceptional clarity of
                  | mind. [potion of mutation]
 25741 | Gauntlet | Gained mutation: You occasionally shout uncontrollably at
                  | your foes. [potion of mutation]
 25741 | Gauntlet | Lost mutation: You possess an exceptional clarity of mind.
                  | [potion of mutation]
 25805 | Gauntlet | Killed from afar by a gargoyle

Vanquished Creatures
  A catoblepas (Gauntlet)
  2 hydras
  Erica (D:9)
  3 two-headed ogres
  6 death yaks (Lair:5)
  A hell hog (Volcano)
  Sonja (Lair:5)
  2 bog bodies (Lair:4)
  An orc knight (Orc:1)
  An ugly thing (D:11)
  A cyclops (D:9)
  9 elephants
  A salamander (Volcano)
  7 black mambas
  2 molten gargoyles (Gauntlet)
  A gargoyle (D:11)
  15 cane toads
  An unseen horror (D:10)
  8 komodo dragons
  A kobold demonologist (D:9)
  2 rime drakes
  6 trolls
  5 blink frogs (Lair:1)
  6 hornets
  4 slime creatures
  3 polar bears
  3 dream sheep (Lair:6)
  Sigmund (D:6)
  5 wyverns
  A shadow (D:10)
  13 spriggans (Lair:6)
  35 yaks
  2 fire bats (Volcano)
  2 redbacks (Lair:4)
  A chaos spawn (Gauntlet)
  A neqoxec (Gauntlet)
  3 vampire mosquitoes (D:11)
  3 steam dragons
  3 swamp worms (Lair:4)
  2 wargs
  An acid dragon (D:7)
  2 hell hounds (Volcano)
  18 water moccasins
  2 sky beasts (D:7)
  5 orc warriors
  An ice beast (D:7)
  4 black bears (Lair:6)
  7 necrophages
  4 boggarts (Lair:6)
  9 ogres
  37 wolves
  8 centaurs
  5 kobold brigands
  3 gnoll sergeants
  11 bullfrogs
  5 scorpions
  A wyvern zombie (D:7)
  11 killer bees
  3 howler monkeys (D:8)
  4 electric eels
  4 centaur zombies
  2 bullfrog zombies
  7 hounds
  7 jellies
  5 orc priests
  Crazy Yiuf (D:6)
  2 centaur skeletons (D:6)
  11 orc wizards
  A killer bee zombie (D:7)
  2 howler monkey zombies
  12 gnolls
  6 adders
  An adder skeleton (D:4)
  A worm (D:3)
  59 orcs
  7 endoplasms
  5 giant cockroaches
  8 goblins
  5 hobgoblins
  2 jackals (D:4)
  3 quokkas
  4 ball pythons
  5 bats
  A frilled lizard (D:2)
  13 kobolds
  5 rats
  A butterfly (Lair:4)
487 creatures vanquished.

Vanquished Creatures (others)
  40 fungi
  41 plants
81 creatures vanquished.

Grand Total: 568 creatures vanquished
